 Dungeon Crawl Stone Soup version 0.18.1-48-g4cf74bf (webtiles) character file.

335 Alarkh the Poker (level 6, -2/44 HPs)
             Began as a Mummy Skald on July 30, 2016.
             Killed by divine providence
             ... invoked by an orc priest
              (15 damage)
             ... on level 4 of the Dungeon.
             The game lasted 00:03:57 (3064 turns).

Alarkh the Poker (Mummy Skald)                      Turns: 3064, Time: 00:03:58

Health: -2/44      AC:  3    Str: 16    XL:     6   Next: 28%
Magic:  7/9        EV: 11    Int: 13    God:
Gold:   102        SH:  0    Dex: 11    Spells: 3 memorised, 3 levels left

rFire  x . .     SeeInvis .     a - +0 spear
rCold  + . .     Gourm    .     b - +0 leather armour
rNeg   + + +     Faith    .     (no shield)
rPois  ∞         Spirit   .     (no helmet)
rElec  .         Dismiss  .     (no cloak)
rCorr  .         Reflect  .     (no gloves)
SustAt .         Harm     .     (no boots)
MR     .....                    (no amulet)
Stlth  +.........               (no ring)
                                (no ring)

@: infused, very slightly contaminated, not resistant to hostile enchantments,
very unstealthy
A: no food or potions, fire vulnerability, cold resistance 1, negative energy
resistance 3, torment resistance, unbreathing
a: no special abilities


You were on level 4 of the Dungeon.
You were not hungry.

You visited 1 branch of the dungeon, and saw 4 of its levels.

You collected 102 gold pieces.

Inventory:

Hand Weapons
 a - a +0 spear (weapon)
Missiles
 f - a throwing net (quivered)
Armour
 b - a +0 leather armour (worn)
 g - a +0 buckler
Scrolls
 d - 3 scrolls of teleportation {unknown}
 e - 2 scrolls of remove curse {unknown}
 h - a scroll of enchant armour {unknown}
 i - a scroll of recharging {unknown}
 j - a scroll of immolation {unknown}
 k - a scroll of magic mapping {unknown}
Books
 c - a book of Battle

   Spells                             Type                      Level
   a - Infusion                       Charms                       1
   b - Shroud of Golubria             Charms/Translocation         2
   c - Song of Slaying                Charms                       2
   d - Spectral Weapon                Hexes/Charms                 3
   e - Regeneration                   Charms/Necromancy            3


   Skills:
 - Level 2.0 Fighting
 + Level 5.6 Polearms
 - Level 0.7 Armour
 - Level 0.7 Dodging
 - Level 2.0 Spellcasting
 - Level 2.4 Charms


You had 3 spell levels left.
You knew the following spells:

 Your Spells              Type           Power        Failure   Level  Hunger
a - Infusion              Chrm           #...         14%         1    N/A
b - Shroud of Golubria    Chrm/Tloc      #.........   30%         2    N/A
c - Spectral Weapon       Hex/Chrm       #.......     65%         3    N/A

Dungeon Overview and Level Annotations

Branches:
Dungeon (4/15)
 Temple: D:4-7

Altars:
Ashenzari
Pakellas


Innate Abilities, Weirdness & Mutations

You do not eat or drink.
Your flesh is vulnerable to fire.
You are immune to poison.
Your flesh is cold resistant.
You are immune to negative energy.
You are immune to unholy pain and torment.
You can survive without breathing.


Message History

Your hands glow momentarily.
There is a stone staircase leading up here.
Casting: Infusion
Confirm with . or Enter, or press ? or * to list all spells.
You begin infusing your attacks with magical energy.
The orc priest hits you with a whip.
Unknown command.
You hit the orc priest but do no damage.
The orc priest calls down the wrath of Beogh upon you.
Beogh smites you!
You completely miss the orc priest. The orc priest barely misses you.
You barely miss the orc priest. The orc priest hits you with a whip.
* * * LOW HITPOINT WARNING * * *
You hit the orc priest.
The orc priest is moderately wounded.
You hit the orc priest but do no damage.
The orc priest is moderately wounded.
The orc priest mumbles some strange prayers to Beogh against you.
Beogh smites you!
You die...

#.)##..####..........#
#<###................#
#####.###.#..............#
.......##.#..............#
.......#..#.......####..##
..................# #..#
.......###........# #..#
.....<.#........o.# #..#
.........##.....@.# #o.#
........ ######### #o.#
#####.#.# .%.. #. .# .....
..... .......


You could see an orc priest.

Vanquished Creatures
  An ogre (D:4)
  3 orc priests
  A hound (D:3)
  A worker ant (D:4)
  A howler monkey skeleton (D:4)
  6 adders
  2 worms (D:3)
  A giant gecko (D:2)
  4 orcs
  4 giant cockroaches
  6 goblins
  5 hobgoblins
  6 kobolds
  4 bats
  6 rats
51 creatures vanquished.

Notes
Turn   | Place    | Note
--------------------------------------------------------------
     0 | D:1      | Alarkh the Mummy Skald began the quest for the Orb.
     0 | D:1      | Reached XP level 1. HP: 16/16 MP: 3/3
   246 | D:1      | Reached skill level 2 in Polearms
   353 | D:1      | Reached XP level 2. HP: 22/22 MP: 1/5
   962 | D:2      | Reached XP level 3. HP: 12/27 MP: 1/6
  1173 | D:2      | Reached skill level 3 in Polearms
  1356 | D:3      | Found a shattered altar of Ashenzari.
  1373 | D:3      | Reached XP level 4. HP: 33/33 MP: 0/7
  1714 | D:2      | Reached skill level 4 in Polearms
  2003 | D:3      | Reached XP level 5. HP: 20/38 MP: 3/8
  2164 | D:3      | Found an oddly glowing altar of Pakellas.
  2230 | D:4      | Noticed an ogre
  2331 | D:3      | Learned a level 2 spell: Shroud of Golubria
  2335 | D:3      | Learned a level 3 spell: Spectral Weapon
  2521 | D:4      | Killed an ogre
  2521 | D:4      | Reached skill level 5 in Polearms
  2521 | D:4      | Reached XP level 6. HP: 31/44 MP: 0/9
  3064 | D:4      | Killed from afar by an orc priest

Skill      XL: |  1  2  3  4  5 |
---------------+----------------+-----
Polearms       | 2 3 4 5 |  5.6
Fighting       | |  2.0
Armour         | |  0.7
Dodging        | |  0.7
Spellcasting   | |  2.0
Charms         | |  2.4

Action                   |  1- 3 |  4- 6 || total
-------------------------+-------+-------++-------
Melee: Spear             |   106 |   133 ||   239
 Cast: Infusion          |    22 |    15 ||    37
       Shroud of Golubri |       |     1 ||     1
Armor: Leather armour    |    16 |    25 ||    41
Dodge: Dodged            |    49 |    65 ||   114
